2776 views
Uploaded 2020-03-06 17:46:18
Game version 1.32.2
13:24 long 3on3 ladder game on (6)StranglethornVale
Saved by iggythefisk
2776 views
Uploaded 2020-03-06 17:46:18
Game version 1.32.2
13:24 long 3on3 ladder game on (6)StranglethornVale


64 units @ 6.3k
/ 0.6k
85 buildings @ 8.7k
/ 4.7k


| Healing Salve | 3 | 300 |
| Lesser Clarity Potion | 4 | 280 |
| Scroll of Speed | 1 | 50 |
| Circlet of Nobility | 1 | 175 |
| Boots of Speed | 1 | 250 |
| total: | 10 | 1055g |
| Peon | 12 | 900 | / | 0 |
| Troll Batrider | 7 | 1120 | / | 280 |
| total: | 19 | 2020g | / | 280w |
| Watch Tower | 18 | 1980 | / | 1440 |
| Altar of Storms | 1 | 180 | / | 50 |
| Orc Burrow | 3 | 480 | / | 120 |
| War Mill | 1 | 205 | / | 0 |
| Voodoo Lounge | 1 | 130 | / | 30 |
| Great Hall | 1 | 385 | / | 185 |
| Beastiary | 1 | 145 | / | 140 |
| Stronghold | 1 | 315 | / | 190 |
| Fortress | 1 | 325 | / | 190 |
| total: | 26 | 3505g | / | 1965w |
| 0:04 | Peon |
| 0:04 | Peon |
| 0:06 | Altar of Storms |
| 0:09 | Orc Burrow |
| 0:19 | Peon |
| 0:41 | Peon |
| 0:50 | War Mill |
| 1:02 | Voodoo Lounge |
| 1:09 | Peon |
| 1:34 | Peon |
| 1:34 | Peon |
| 1:40 | Peon |
| 1:56 | Peon |
| 2:03 | Wind Walk |
| 2:06 | Healing Salve |
| 2:06 | Lesser Clarity Potion |
| 2:06 | Lesser Clarity Potion |
| 2:17 | Watch Tower |
| 2:22 | Watch Tower |
| 2:23 | Peon |
| 2:30 | Orc Burrow |
| 3:24 | Watch Tower |
| 3:51 | Watch Tower |
| 3:54 | Stronghold |
| 4:26 | Watch Tower |
| 4:33 | Spiked Barricades |
| 4:37 | Watch Tower |
| 5:50 | Watch Tower |
| 5:54 | Critical Strike |
| 6:00 | Watch Tower |
| 6:05 | Circlet of Nobility |
| 6:06 | Boots of Speed |
| 6:35 | Fortress |
| 6:37 | Beastiary |
| 7:29 | Watch Tower |
| 7:37 | Hex |
| 7:38 | Healing Salve |
| 7:39 | Healing Salve |
| 7:39 | Lesser Clarity Potion |
| 7:39 | Lesser Clarity Potion |
| 7:39 | Scroll of Speed |
| 7:50 | Watch Tower |
| 8:57 | Watch Tower |
| 9:09 | Watch Tower |
| 9:18 | Wind Walk |
| 9:31 | Troll Batrider |
| 9:31 | Troll Batrider |
| 9:31 | Troll Batrider |
| 9:33 | Orc Burrow |
| 9:35 | Watch Tower |
| 9:38 | Watch Tower |
| 9:38 | Watch Tower |
| 10:53 | Watch Tower |
| 10:56 | Watch Tower |
| 10:59 | Reinforced Defenses |
| 11:00 | Troll Batrider |
| 11:00 | Troll Batrider |
| 11:03 | Healing Wave |
| 12:00 | Watch Tower |
| 12:17 | Steel Ranged Weapons |
| 12:19 | Liquid Fire |
| 12:37 | Great Hall |
| 12:46 | Troll Batrider |
| 12:47 | Troll Batrider |
| 12:50 | Peon |
| 12:50 | Peon |
| Right click | 826 |
| Select group | 263 |
| Select | 94 |
| Build/train/purchase | 61 |
| Use ability | 21 |
| Chat | 17 |
| Minimap ping | 12 |
| Assign group | 11 |
| Misc. action | 10 |
| Item give/drop | 3 |
| Esc | 1 |


| Staff of Teleportation | 1 | 150 |
| Healing Salve | 1 | 100 |
| total: | 2 | 250g |
| Peasant | 26 | 1950 | / | 0 |
| Goblin Zeppelin | 1 | 240 | / | 60 |
| total: | 27 | 2190g | / | 60w |
| Scout Tower | 30 | 900 | / | 600 |
| Arcane Tower | 2 | 140 | / | 100 |
| Guard Tower | 20 | 1400 | / | 1000 |
| Altar of Kings | 1 | 180 | / | 50 |
| Lumber Mill | 1 | 120 | / | 0 |
| Farm | 3 | 240 | / | 60 |
| Town Hall | 2 | 770 | / | 410 |
| Keep | 1 | 320 | / | 210 |
| Castle | 1 | 360 | / | 210 |
| total: | 37 | 2210g | / | 1120w |
| 0:01 | Peasant |
| 0:04 | Altar of Kings |
| 0:08 | Peasant |
| 0:18 | Lumber Mill |
| 0:19 | Farm |
| 0:20 | Peasant |
| 0:38 | Peasant |
| 0:52 | Peasant |
| 0:57 | Peasant |
| 1:13 | Peasant |
| 1:15 | Scout Tower |
| 1:17 | Scout Tower |
| 1:21 | Farm |
| 1:22 | Peasant |
| 1:45 | Improved Masonry |
| 1:45 | Advanced Masonry |
| 1:50 | Arcane Tower |
| 1:58 | Peasant |
| 2:04 | Scout Tower |
| 2:12 | Blizzard |
| 2:15 | Guard Tower |
| 2:17 | Scout Tower |
| 2:34 | Peasant |
| 3:20 | Peasant |
| 3:24 | Town Hall |
| 3:26 | Town Hall |
| 3:30 | Brilliance Aura |
| 3:33 | Arcane Tower |
| 3:33 | Peasant |
| 3:37 | Guard Tower |
| 3:46 | Scout Tower |
| 3:54 | Peasant |
| 4:09 | Healing Salve |
| 4:18 | Guard Tower |
| 4:31 | Scout Tower |
| 4:47 | Staff of Teleportation |
| 5:21 | Peasant |
| 5:37 | Scout Tower |
| 5:37 | Guard Tower |
| 5:40 | Peasant |
| 5:41 | Peasant |
| 5:56 | Peasant |
| 5:57 | Peasant |
| 6:10 | Guard Tower |
| 6:11 | Scout Tower |
| 6:11 | Scout Tower |
| 6:35 | Keep |
| 6:38 | Scout Tower |
| 6:39 | Scout Tower |
| 6:40 | Scout Tower |
| 6:41 | Scout Tower |
| 7:22 | Guard Tower |
| 7:24 | Scout Tower |
| 7:25 | Farm |
| 7:27 | Peasant |
| 7:28 | Peasant |
| 7:44 | Blizzard |
| 8:11 | Goblin Zeppelin |
| 10:05 | Peasant |
| 10:05 | Peasant |
| 10:54 | Scout Tower |
| 10:55 | Scout Tower |
| 10:56 | Scout Tower |
| 10:57 | Scout Tower |
| 11:01 | Scout Tower |
| 11:12 | Castle |
| 11:19 | Frost Arrows |
| 11:39 | Guard Tower |
| 11:41 | Scout Tower |
| 11:41 | Scout Tower |
| 12:05 | Guard Tower |
| 12:07 | Guard Tower |
| 12:08 | Guard Tower |
| 12:09 | Scout Tower |
| 12:11 | Peasant |
| 12:11 | Peasant |
| 12:19 | Scout Tower |
| 12:20 | Scout Tower |
| 12:20 | Scout Tower |
| 12:21 | Scout Tower |
| 12:37 | Guard Tower |
| 12:38 | Guard Tower |
| 12:39 | Scout Tower |
| 12:48 | Peasant |
| 12:49 | Peasant |
| 12:54 | Guard Tower |
| 12:57 | Scout Tower |
| 12:58 | Scout Tower |
| 12:59 | Scout Tower |
| 13:20 | Guard Tower |
| 13:20 | Guard Tower |
| Right click | 599 |
| Select | 263 |
| Select group | 163 |
| Assign group | 146 |
| Build/train/purchase | 82 |
| Use ability | 20 |
| Misc. action | 11 |
| Minimap ping | 2 |
⇛
iggythefisk
(13:24) : 

| Healing Salve | 4 | 400 |
| Lesser Clarity Potion | 3 | 210 |
| Boots of Speed | 1 | 250 |
| Staff of Teleportation | 1 | 150 |
| Circlet of Nobility | 1 | 175 |
| total: | 10 | 1185g |
| Peon | 11 | 825 | / | 0 |
| Raider | 7 | 1260 | / | 280 |
| total: | 18 | 2085g | / | 280w |
| Watch Tower | 11 | 1210 | / | 880 |
| Altar of Storms | 1 | 180 | / | 50 |
| Orc Burrow | 5 | 800 | / | 200 |
| War Mill | 1 | 205 | / | 0 |
| Voodoo Lounge | 1 | 130 | / | 30 |
| Beastiary | 3 | 435 | / | 420 |
| Stronghold | 2 | 630 | / | 380 |
| Fortress | 1 | 325 | / | 190 |
| total: | 22 | 2960g | / | 1580w |
| 0:01 | Peon |
| 0:03 | Altar of Storms |
| 0:06 | Peon |
| 0:18 | Orc Burrow |
| 0:18 | Peon |
| 0:42 | Peon |
| 0:48 | War Mill |
| 0:58 | Peon |
| 1:17 | Peon |
| 1:26 | Voodoo Lounge |
| 1:27 | Peon |
| 1:33 | Peon |
| 2:01 | Watch Tower |
| 2:02 | Peon |
| 2:03 | Peon |
| 2:05 | Wind Walk |
| 2:18 | Watch Tower |
| 2:26 | Peon |
| 2:32 | Watch Tower |
| 3:01 | Stronghold |
| 3:26 | Watch Tower |
| 4:03 | Watch Tower |
| 4:18 | Critical Strike |
| 4:27 | Watch Tower |
| 4:51 | Watch Tower |
| 4:55 | Watch Tower |
| 5:07 | Boots of Speed |
| 5:07 | Staff of Teleportation |
| 5:07 | Circlet of Nobility |
| 5:33 | Orc Burrow |
| 6:34 | Fortress |
| 6:38 | Watch Tower |
| 6:54 | Watch Tower |
| 6:58 | Healing Salve |
| 6:58 | Healing Salve |
| 6:58 | Lesser Clarity Potion |
| 7:02 | Lesser Clarity Potion |
| 7:36 | Hex |
| 8:36 | Healing Salve |
| 8:36 | Healing Salve |
| 8:37 | Lesser Clarity Potion |
| 8:42 | Watch Tower |
| 9:02 | Wind Walk |
| 9:17 | Pillage |
| 9:19 | Beastiary |
| 9:21 | Beastiary |
| 9:22 | Orc Burrow |
| 10:00 | Beastiary |
| 10:54 | Orc Burrow |
| 10:54 | Raider |
| 11:16 | Healing Wave |
| 11:35 | Raider |
| 11:38 | Orc Burrow |
| 11:39 | Steel Melee Weapons |
| 11:40 | Steel Armor |
| 11:42 | Raider |
| 11:46 | Ensnare |
| 11:47 | Raider |
| 11:51 | Raider |
| 12:34 | Raider |
| 12:35 | Raider |
| 12:44 | Thorium Melee Weapons |
| Right click | 762 |
| Assign group | 389 |
| Select group | 235 |
| Select | 102 |
| Chat | 82 |
| Build/train/purchase | 67 |
| Use ability | 16 |
| Resource trade | 5 |
| Minimap ping | 3 |
| Remove unit | 2 |
| Item give/drop | 1 |
58 units @ 6.5k
/ 0.3k
25 buildings @ 4k
/ 1k


| Healing Salve | 2 | 200 |
| Lesser Clarity Potion | 2 | 140 |
| Scroll of Speed | 2 | 100 |
| total: | 6 | 440g |
| Peon | 9 | 675 | / | 0 |
| Grunt | 7 | 1400 | / | 0 |
| Troll Headhunter | 8 | 1120 | / | 160 |
| total: | 24 | 3195g | / | 160w |
| Watch Tower | 2 | 220 | / | 160 |
| Altar of Storms | 1 | 180 | / | 50 |
| Orc Burrow | 5 | 800 | / | 200 |
| Voodoo Lounge | 1 | 130 | / | 30 |
| Barracks | 1 | 180 | / | 50 |
| War Mill | 1 | 205 | / | 0 |
| Stronghold | 1 | 315 | / | 190 |
| total: | 11 | 1715g | / | 490w |
| 0:04 | Peon |
| 0:04 | Peon |
| 0:18 | Altar of Storms |
| 0:20 | Peon |
| 0:24 | Orc Burrow |
| 0:45 | Voodoo Lounge |
| 0:49 | Peon |
| 0:49 | Peon |
| 1:04 | Peon |
| 1:25 | Peon |
| 1:27 | Peon |
| 1:37 | Barracks |
| 1:57 | Orc Burrow |
| 2:18 | Feral Spirit |
| 2:20 | Healing Salve |
| 2:21 | Lesser Clarity Potion |
| 2:22 | Scroll of Speed |
| 2:51 | Grunt |
| 3:02 | Grunt |
| 3:17 | Stronghold |
| 3:42 | War Mill |
| 3:56 | Grunt |
| 4:13 | Orc Burrow |
| 5:42 | Troll Headhunter |
| 5:42 | Troll Headhunter |
| 5:46 | Orc Burrow |
| 5:51 | Lesser Clarity Potion |
| 5:52 | Scroll of Speed |
| 6:03 | Healing Salve |
| 6:13 | Steel Armor |
| 6:27 | Troll Headhunter |
| 6:36 | Berserker Strength |
| 6:41 | Healing Wave |
| 7:03 | Grunt |
| 7:17 | Troll Headhunter |
| 7:59 | Grunt |
| 8:00 | Troll Headhunter |
| 8:13 | Watch Tower |
| 8:14 | Watch Tower |
| 8:16 | Reinforced Defenses |
| 8:46 | Chain Lighting |
| 9:08 | Grunt |
| 9:08 | Troll Headhunter |
| 9:53 | Orc Burrow |
| 10:35 | Troll Headhunter |
| 10:35 | Troll Headhunter |
| 10:38 | Peon |
| 11:11 | Grunt |
| 11:20 | Hex |
| Right click | 519 |
| Select group | 278 |
| Select | 126 |
| Misc. action | 66 |
| Build/train/purchase | 56 |
| Assign group | 23 |
| Use ability | 14 |
| Esc | 2 |
| Item give/drop | 1 |


| Lesser Clarity Potion | 1 | 70 |
| Healing Salve | 1 | 100 |
| total: | 2 | 170g |
| Peon | 10 | 750 | / | 0 |
| Troll Headhunter | 9 | 1260 | / | 180 |
| total: | 19 | 2010g | / | 180w |
| Watch Tower | 1 | 110 | / | 80 |
| Barracks | 1 | 180 | / | 50 |
| War Mill | 1 | 205 | / | 0 |
| Orc Burrow | 4 | 640 | / | 160 |
| Altar of Storms | 1 | 180 | / | 50 |
| Voodoo Lounge | 2 | 260 | / | 60 |
| Stronghold | 1 | 315 | / | 190 |
| total: | 10 | 1575g | / | 400w |
| 0:03 | Peon |
| 0:08 | Barracks |
| 0:15 | War Mill |
| 0:21 | Orc Burrow |
| 0:33 | Peon |
| 0:33 | Peon |
| 0:46 | Peon |
| 0:46 | Peon |
| 1:11 | Altar of Storms |
| 1:27 | Peon |
| 1:31 | Troll Headhunter |
| 1:57 | Troll Headhunter |
| 2:17 | Orc Burrow |
| 2:26 | Troll Headhunter |
| 2:44 | Voodoo Lounge |
| 3:06 | Orc Burrow |
| 3:26 | War Stomp |
| 3:30 | Troll Headhunter |
| 4:07 | Troll Headhunter |
| 4:13 | Peon |
| 4:13 | Peon |
| 4:42 | Voodoo Lounge |
| 4:48 | Peon |
| 4:48 | Peon |
| 5:07 | Stronghold |
| 5:15 | Orc Burrow |
| 5:45 | Troll Headhunter |
| 5:48 | Endurance Aura |
| 5:50 | Lesser Clarity Potion |
| 5:51 | Healing Salve |
| 5:57 | Steel Ranged Weapons |
| 6:16 | Watch Tower |
| 7:16 | Troll Headhunter |
| 7:16 | Troll Headhunter |
| 7:54 | Troll Headhunter |
| 8:11 | Critical Strike |
| Select group | 348 |
| Right click | 303 |
| Select | 186 |
| Build/train/purchase | 44 |
| Assign group | 15 |
| Use ability | 6 |
| Remove unit | 1 |
| Esc | 1 |
| Peon | 14 | 1050 | / | 0 |
| Grunt | 1 | 200 | / | 0 |
| total: | 15 | 1250g | / | 0w |
| Altar of Storms | 1 | 180 | / | 50 |
| Barracks | 1 | 180 | / | 50 |
| Orc Burrow | 1 | 160 | / | 40 |
| War Mill | 1 | 205 | / | 0 |
| total: | 4 | 725g | / | 140w |
| 0:06 | Altar of Storms |
| 0:12 | Barracks |
| 0:59 | Peon |
| 0:59 | Peon |
| 1:33 | Orc Burrow |
| 1:47 | War Mill |
| 2:32 | Peon |
| 2:34 | Peon |
| 2:36 | Grunt |
| 4:42 | Peon |
| 4:43 | Peon |
| 4:43 | Peon |
| 4:43 | Peon |
| 4:43 | Peon |
| 4:43 | Peon |
| 4:43 | Peon |
| 4:44 | Peon |
| 5:00 | Peon |
| 5:02 | Spiked Barricades |
| 5:52 | Peon |
| Select | 36 |
| Build/train/purchase | 17 |
| Right click | 11 |